 Dungeon Crawl Stone Soup version 0.31-a0-1074-g0b22e4e0f1 (webtiles) character file.

Game seed: 6879578939870460535

875 Fleche the Covered (level 7, -12/59 HPs)
             Began as an Armataur Fighter on Dec 2, 2023.
             Was a Believer of Makhleb.
             Mangled by an ogre
             ... wielding a +0 giant club
              (16 damage)
             ... on level 4 of the Dungeon on Dec 3, 2023.
             The game lasted 00:38:56 (2726 turns).

Fleche the Covered (Armataur Fighter)               Turns: 2726, Time: 00:38:57

Health: -12/59     AC: 14    Str: 23    XL:     7   Next: 74%
Magic:  7/7        EV:  8    Int:  8    God:    Makhleb [**....]
Gold:   147        SH: 10    Dex: 10    Spells: 6/6 levels left

rFire   . . .        C - +0 mace (protect)
rCold   . . .        c - +0 buckler
rNeg    . . .        b - +0 scale mail
rPois   .            (no helmet)
rElec   .            (no cloak)
rCorr   .            (no gloves)
SInv    .            (no barding)
Will    +....        e - amulet of reflection Stlth
                     w - ring of willpower
HPRegen 0.29/turn    (no ring)
MPRegen 0.10/turn

%: reflection, roll
@: mighty, under a protective aura
A: large, deformed body, tough skin 3, armoured tail, roll 2, long tongue
a: Renounce Religion, Minor Destruction


You were on level 4 of the Dungeon.
You worshipped Makhleb.
Makhleb was pleased with you.
You visited 1 branch of the dungeon, and saw 4 of its levels.

You collected 147 gold pieces.

Inventory:

Hand Weapons
 a - a +0 flail
 h - a +0 dagger
 i - a +0 dagger
 m - a +0 short sword
 n - a +0 dagger
 o - a +0 spear
 q - a +0 dagger
 r - a +0 hand axe
 s - a +0 dagger
 t - a +0 war axe
 x - a +0 dagger
 A - a +0 whip
 B - a +0 dagger
 C - a +0 mace of protection (weapon)
 F - a +0 mace
 G - a +0 shortbow
 H - a +0 hand axe
 J - a +0 spear
 K - a +0 club
 L - a +0 club
 M - a +0 halberd
 N - a +0 club
 O - a +0 dagger
 Q - a +2 short sword of freezing
Missiles
 j - 27 stones
 v - 5 boomerangs
Armour
 b - a +0 scale mail (worn)
 c - a +0 buckler (worn)
 l - a +0 robe
 P - a +0 robe of willpower
 R - a +0 leather armour
 S - a +0 scale mail
Jewellery
 e - an amulet of reflection (around neck)
 w - a ring of willpower (left hand)
 D - an amulet of the acrobat
Talismans
 E - a storm talisman
Scrolls
 f - a scroll of enchant armour {unknown}
 k - a scroll of fear {unknown}
 p - a scroll of poison {unknown}
 u - 2 scrolls of blinking {unknown}
 y - 2 scrolls of identify {unknown}
Potions
 g - 2 potions of heal wounds {unknown}
 z - a potion of magic {unknown}
 I - a potion of brilliance {unknown}


   Skills:
 + Level 4.0 Fighting
 + Level 2.2(3.3) Axes
 + Level 4.2(4.6) Maces & Flails
 + Level 5.9 Armour
 + Level 1.2 Dodging
 + Level 1.8 Stealth
 + Level 5.3 Shields


You had 6 spell levels left.
You didn't know any spells.
Your spell library was empty.

Dungeon Overview and Level Annotations

Branches:
Dungeon (4/15)
 Temple: D:4-7

Altars:
Makhleb


Innate Abilities, Weirdness & Mutations

Armour fits poorly on your strangely shaped body.
You have extremely tough skin. (AC +3)
You have a long armoured tail.
You roll and regenerate health when moving toward enemies. (Rampage Heal)
Your long tongue fully drains potion bottles. (2x potion effects)


Message History

You feel better.
The howler monkey zombie closely misses you.
The howler monkey zombie attacks as it pursues you!
The howler monkey zombie barely misses you.
You barely miss the adder skeleton.
Your tail-slap misses the adder skeleton.
The adder skeleton is moderately damaged.
The adder skeleton bites you but does no damage.
The howler monkey zombie hits you but does no damage.
You block the adder skeleton's attack.
You completely miss the adder skeleton.
The adder skeleton is moderately damaged.
The adder skeleton bites you.
* * * LOW HITPOINT WARNING * * *
You sock the adder skeleton!
Your weapon exudes an aura of protection.
You destroy the adder skeleton!
Makhleb accepts your kill.
You feel better. You block the ogre's attack.
The howler monkey zombie hits you but does no damage.
You barely miss the howler monkey zombie.
The howler monkey zombie hits you but does no damage.
The ogre closely misses you.
You barely miss the howler monkey zombie.
You block the howler monkey zombie's attack.
The ogre hits you with a +0 giant club.
* * * LOW HITPOINT WARNING * * *
You sock the howler monkey zombie!
Your weapon exudes an aura of protection.
The howler monkey zombie is heavily damaged.
The howler monkey zombie barely misses you.
You sock the howler monkey zombie!
The howler monkey zombie is severely damaged.
You block the howler monkey zombie's attack.
You block the ogre's attack.
The howler monkey zombie closely misses you.
You completely miss the howler monkey zombie.
The howler monkey zombie is severely damaged.
The ogre hits you with a +0 giant club!
You die...

#.......##?.## .
#..###..##...+
######..##...#
.##....#..##.)#
.......#..##†.##
...)..'.........#
##...##.........+
##Z..#..........#
#@O..#.........##
#...))..8......#
##..............
####............
######..... ..$..
.. #


You could see an ogre and a howler monkey zombie.

Vanquished Creatures
  Grinder (D:3)
  Duvessa (D:4)
  3 phantoms (D:4)
  Dowan (D:4)
  A water moccasin skeleton (D:4)
  A hound (D:4)
  Natasha (thrice) (D:3)
  2 hound zombies (D:4)
  A hound skeleton (D:4)
  4 gnolls (D:4)
  2 adders
  An adder skeleton (D:4)
  An adder zombie (D:4)
  A worm (D:2)
  2 dart slugs
  An orc (D:3)
  7 endoplasms
  4 giant cockroaches
  7 goblins
  3 hobgoblins
  2 kobolds
  A quokka (D:1)
  7 ball pythons
  4 bats
  2 frilled lizards
  A quokka zombie (D:4)
  2 rats
66 creatures vanquished.

Notes
Turn   | Place    | Note
-------+----------+-------------------------------------------
     0 | D:1      | Fleche the Armataur Fighter began the quest for the Orb.
     0 | D:1      | Reached XP level 1. HP: 18/18 MP: 1/1
   224 | D:1      | Found a faded altar of an unknown god.
   249 | D:1      | Reached XP level 2. HP: 25/25 MP: 2/2
   273 | D:1      | Prayed at the altar of an unknown god.
   273 | D:1      | Became a worshipper of Makhleb the Destroyer
   273 | D:1      | Reached * piety under Makhleb
  1058 | D:2      | Reached XP level 3. HP: 24/30 MP: 3/3
  1806 | D:3      | Noticed Natasha
  1816 | D:3      | Killed Natasha
  1952 | D:3      | Noticed Grinder
  1964 | D:3      | Killed Grinder
  1964 | D:3      | Reached ** piety under Makhleb
  1965 | D:3      | Reached skill level 1 in Axes
  1965 | D:3      | Reached skill level 5 in Armour
  1965 | D:3      | Reached skill level 1 in Stealth
  1965 | D:3      | Reached XP level 4. HP: 12/38 MP: 4/4
  1965 | D:3      | Reached XP level 5. HP: 14/45 MP: 5/5
  1967 | D:3      | Noticed Natasha
  1974 | D:3      | Reached XP level 6. HP: 6/51 MP: 6/6
  1975 | D:3      | Killed Natasha
  2376 | D:3      | Noticed Natasha
  2386 | D:3      | Killed Natasha
  2617 | D:4      | Noticed Duvessa
  2618 | D:4      | Noticed Dowan
  2625 | D:4      | Killed Duvessa
  2626 | D:4      | Gained mutation: You roll and regenerate health when moving
                  | toward enemies. (Rampage Heal) [Armataur growth]
  2626 | D:4      | Reached XP level 7. HP: 57/58 MP: 7/7
  2634 | D:4      | Killed Dowan
  2660 | D:4      | Reached skill level 1 in Dodging
  2660 | D:4      | Reached skill level 5 in Shields
  2726 | D:4      | Mangled by an ogre

Illustrated notes

Levels and vault maps discovered:
D:1:      orjb1_lava_funnel, layout_loops_corners,
          hellmonk_ecumenical_altar_pennies_from_heaven
D:2:      layout_basic
D:3:      layout_basic, uniq_natasha, uniq_grinder
D:4:      layout_gridville, minmay_temple_entry_ruins, serial_undead,
          serial_undead_d, serial_undead_b, serial_undead_d, serial_undead_f,
          uniq_duvessa, uniq_sigmund, uniq_eustachio

Skill      XL: |  1  2  3  4  5  6  7 |
---------------+----------------------+-----
Maces & Flails | 2 3 4 |  4.2
Armour         | 4 5 |  5.9
Fighting       | 3 4 |  4.0
Axes           | 1 2 |  2.2
Stealth        | 1 |  1.8
Shields        | 4 5 |  5.3
Dodging        | 1 |  1.2

Action                     |  1- 3 |  4- 6 |  7- 9 || total
---------------------------+-------+-------+-------++-------
  Melee: Flail             |    57 |       |       ||    57
         Tailslap          |     8 |     8 |     5 ||    21
         War axe           |    32 |     9 |       ||    41
         Mace              |       |    44 |    51 ||    95
    Use: Potion            |       |     2 |     1 ||     3
 Armour: Scale mail        |    50 |    34 |    58 ||   142
  Dodge: Dodged            |    22 |    18 |    28 ||    68
  Block: Buckler           |    38 |    40 |    47 ||   125
         Reflection        |     1 |       |       ||     1

Table legend: (Time is in decaauts)
 A = Elapsed time spent in this place.
 B = Non-inter-level travel time spent in this place.
 C = Inter-level travel time spent in this place.
 D = Time resting spent in this place.
 E = Time spent auto-exploring this place.
 F = Levels seen in this place.
 G = Mean time per level.
                   A        B        C        D        E       F      G
               +--------+--------+--------+--------+--------+-----+--------+
         Total |   2782 |   2782 |      0 |    246 |      0 |   4 |  695.5 |
       Dungeon |   2782 |   2782 |      0 |    246 |      0 |   4 |  695.5 |
               +--------+--------+--------+--------+--------+-----+--------+

Top non-repeatable levels by time:
     D:2: 925 daAuts
     D:1: 881 daAuts
     D:3: 791 daAuts
     D:4: 184 daAuts
